 Dungeon Crawl Stone Soup version 0.27.0-1-g7a089689b8 (webtiles) character file.

Game seed: 17564727933886535784

49 Sin92 the Skirmisher (level 3, -1/29 HPs)
             Began as a Demonspawn Fighter on Aug 11, 2021.
             Slain by a hobgoblin (2 damage)
             ... led by Robin
             ... on level 2 of the Dungeon.
             The game lasted 00:00:58 (1327 turns).

Sin92 the Skirmisher (Demonspawn Fighter)           Turns: 1327, Time: 00:00:59

Health: -1/29      AC:  9    Str: 16 (17) XL:     3   Next: 53%
Magic:  3/3        EV:  4    Int:  8 (9)  God:
Gold:   68         SH:  8    Dex: 11 (12) Spells: 2/2 levels left

rFire    . . .     SeeInvis .   a - +0 war axe
rCold    . . .     Faith    .   c - +0 kite shield
rNeg     . . .     Spirit   .   i - +0 chain mail
rPois    .         Reflect  .   (no helmet)
rElec    .         Harm     .   (no cloak)
rCorr    .         Rampage  .   (no gloves)
Will     .....                  (no boots)
Stlth    ..........             (no amulet)
HPRegen  0.09/turn              (no ring)
MPRegen  0.08/turn              (no ring)

@: mighty
A: foul stench 1
a: no special abilities


You were on level 2 of the Dungeon.
You visited 1 branch of the dungeon, and saw 2 of its levels.

You collected 68 gold pieces.

Inventory:

Hand Weapons
 a - a +0 war axe (weapon)
Armour
 b - a +0 scale mail
 c - a +0 kite shield (worn)
 i - a +0 chain mail (worn)
Scrolls
 e - 2 scrolls of teleportation {unknown}
 f - a scroll of enchant weapon {unknown}
Potions
 d - a potion of might


   Skills:
 + Level 3.2 Fighting
 * Level 2.5 Axes
 + Level 3.0 Armour
 + Level 1.0 Dodging
 + Level 3.0 Shields


You had 2 spell levels left.
You didn't know any spells.
Your spell library was empty.

Dungeon Overview and Level Annotations

Branches:
Dungeon (2/15)

Altars:

Annotations:
D:2 Robin


Innate Abilities, Weirdness & Mutations

You may rarely emit foul miasma when damaged in melee.


Message History

There are monsters nearby!
You are too injured to fight recklessly!
Unknown command.
There are monsters nearby!
Unknown command.
There are monsters nearby!
You are too injured to fight recklessly!
Unknown command.
There are monsters nearby!
You are too injured to fight recklessly!
You are too injured to fight recklessly!
Unknown command.
There are monsters nearby!
You are too injured to fight recklessly!
Unknown command.
There are monsters nearby!
It was a potion of curing.
You feel better.
You hear a shout!
You hear an angry hiss.
The goblin hits you with a +0 club. You block the hobgoblin's attack.
You feel very mighty all of a sudden.
The goblin no longer looks unusually strong.
The goblin hits you with a +0 club.
Robin roars a battlecry!
The goblin goes into a battle-frenzy!
The hobgoblin hits you.
* * * LOW HITPOINT WARNING * * *
You barely miss the hobgoblin. You closely miss the goblin.
The goblin no longer looks unusually strong.
A goblin comes into view. It is wielding a +0 dagger.
The goblin hits you but does no damage. The hobgoblin closely misses you.
The goblin hits you with a +0 club.
* * * LOW HITPOINT WARNING * * *
The goblin moves out of view.
It was a potion of degeneration.
There was something very wrong with that liquid.
You feel weakened.
You feel dopey.
You feel clumsy.
The hobgoblin no longer looks unusually strong.
The goblin no longer looks unusually strong.
The hobgoblin hits you.
You die...

##.# ##....#...
#..###...#####...
#.....##...#...##.
#..#.#####.#.. .
#..#.# ... #.
#..#.## #.##.
#..#..###.# .#
#..#.#.g)# #
#..#.###@# #..#.#
#g# #..#.#


#gg #.# ###g ... .g #.# ## You could see Robin, a hobgoblin and 4 goblins.

Vanquished Creatures
  Terence (D:2)
  A bat (D:1)
  2 giant cockroaches (D:1)
  5 goblins
  2 hobgoblins
  3 quokkas (D:1)
  2 ball pythons (D:1)
  A frilled lizard (D:1)
  3 kobolds (D:1)
  2 rats (D:1)
22 creatures vanquished.

Notes
Turn   | Place    | Note
-------+----------+-------------------------------------------
     0 | D:1      | Sin92 the Demonspawn Fighter began the quest for the Orb.
     0 | D:1      | Reached XP level 1. HP: 18/18 MP: 1/1
   292 | D:1      | Gained mutation: You may rarely emit foul miasma when
                  | damaged in melee. [demonic ancestry]
   292 | D:1      | Reached XP level 2. HP: 24/24 MP: 2/2
  1062 | D:2      | Noticed Terence
  1076 | D:2      | Killed Terence
  1077 | D:2      | Reached XP level 3. HP: 9/29 MP: 3/3
  1314 | D:2      | Noticed Robin
  1324 | D:2      | Reached skill level 1 in Dodging
  1326 | D:2      | HP: 1/29 [goblin[Robin] (3)]
  1327 | D:2      | Slain by a hobgoblin

Illustrated notes

Levels and vault maps discovered:
D:1:      dpeg_arrival_leaves_temple_mockup, layout_loops_ring
D:2:      layout_loops_ring, minmay_tall_x, uniq_robin, uniq_terence,
          uniq_jessica

Skill      XL: |  1  2  3 |
---------------+----------+-----
Axes           | 2 |  2.5
Armour         | 3 |  3.0
Shields        | 3 |  3.0
Dodging        | 1 |  1.0
Fighting       | |  3.2

Action                   || total
-------------------------++-------
Melee: War axe           ||    67
  Use: Potion            ||     3
Armor: Scale mail        ||    26
       Chain mail        ||     7
Dodge: Dodged            ||    18
Block: Kite shield       ||    34
